 Dungeon Crawl Stone Soup version 0.30-a0-553-g7fabdf1491 (webtiles) character file.

Game seed: 6342119602142155256

22655 stormer the Summoner (level 13, -9/88 HPs)
             Began as an Octopode Summoner on Dec 26, 2022.
             Was an Initiate of Gozag.
             Succumbed to Nessos's poison
             ... on level 2 of the Lair of Beasts.
             The game lasted 00:26:33 (14307 turns).

stormer the Summoner (Octopode Summoner)           Turns: 14307, Time: 00:26:33

Health: -9/88      AC:  1    Str:  8    XL:     13   Next: 1%
Magic:  0/27       EV: 18    Int: 27    God:    Gozag
Gold:   3454       SH:  6    Dex: 19    Spells: 14/32 levels left

rFire   . . .      SeeInvis +    (no weapon)
rCold   . . .      Faith    .    n - +2 buckler
rNeg    . . .      Spirit   +    (helmet restricted)
rPois   .          Reflect  .    G - amulet of guardian spirit
rElec   .          Harm     .    I - +6 ring of intelligence
rCorr   .          Rampage  .    v - ring of see invisible
Will    .....                    D - +6 ring of dexterity
Stlth   +++                      (no ring)
HPRegen 0.34/turn                (no ring)
MPRegen 0.20/turn                (no ring)
                                 (no ring)
                                 (no ring)

@: lethally poisoned (-9 -> -43), forested
A: almost no armour, amphibious, 8 rings, camouflage 1, gelatinous body 1,
(nimble swimmer 1), tentacles
a: Renounce Religion, Potion Petition, Call Merchant, Bribe Branch


You were on level 2 of the Lair of Beasts.
You worshipped Gozag.
Gozag was most pleased with you.
You visited 3 branches of the dungeon, and saw 14 of its levels.

You collected 3722 gold pieces.
You spent 140 gold pieces at shops.
You paid 128 gold pieces to Gozag.


Innate Abilities, Weirdness & Mutations

You cannot wear most types of armour.
You are amphibious.
You can wear up to eight rings at the same time.
Your skin changes colour to match your surroundings (Stealth+).
Your rubbery body absorbs attacks. (AC +1, EV +1)
((You are camouflaged when in or above water. (Stealth+)))
You have tentacles for arms and can constrict up to eight enemies at once.


   Skills:
 + Level 7.8 Fighting
 + Level 8.2 Dodging
 - Level 2.6 Stealth
 - Level 10.0 Spellcasting
 - Level 7.0 Hexes
 - Level 10.0 Summonings
 - Level 7.0 Translocations
 - Level 7.0 Air Magic


You had 14 spell levels left.
You knew the following spells:

 Your Spells              Type           Power      Damage    Failure   Level
c - Call Canine Familiar  Summ           61%        N/A       1%          3
f - Summon Forest         Summ/Tloc      28%        N/A       4%          5
l - Summon Lightning Spi  Summ/Air       56%        N/A       1%          4
m - Summon Mana Viper     Hex/Summ       56%        N/A       4%          5
s - Summon Small Mammal   Summ           100%       N/A       1%          1

Your spell library contained the following spells:

 Spells                   Type           Power      Damage    Failure   Level
 Call Imp                 Summ           61%        N/A       1%          2
 Ensorcelled Hibernation  Hex/Ice        64%        N/A       1%          2
 Static Discharge         Conj/Air       64%        2-5/arc   1%          2
 Summon Guardian Golem    Hex/Summ       56%        N/A       1%          3
 Tukima's Dance           Hex            50%        N/A       1%          3
 Vhi's Electric Charge    Tloc/Air       100%       N/A       1%          3
 Passage of Golubria      Tloc           50%        N/A       3%          4
 Dazzling Flash           Conj/Hex       64%        N/A       4%          3
 Sandblast                Erth           26%        2d8       6%          1
 Passwall                 Tmut/Erth      10%        N/A       9%          2
 Sublimation of Blood     Necr           13%        N/A       9%          2
 Anguish                  Hex/Necr       16%        N/A       14%         4
 Iskenderun's Mystic Bla  Conj/Tloc      32%        2d8       14%         4
 Summon Cactus Giant      Summ           30%        N/A       14%         6
 Spider Form              Tmut/Pois      13%        N/A       17%         3
 Stone Arrow              Conj/Erth      26%        3d8       17%         3
 Arcjolt                  Conj/Air       16%        1d26      36%         5
 Lightning Bolt           Conj/Air       16%        1d30      36%         5
 Yara's Violent Unravell  Hex/Tmut       16%        3d8       36%         5
 Petrify                  Tmut/Erth      13%        N/A       50%         4
 Irradiate                Conj/Tmut      6%         3d13      85%         5
 Starburst                Conj/Fire      6%         6d4       100%        6

Inventory:

Missiles
 H - a curare-tipped dart {=f}
Armour
 n - a +2 buckler (worn)
   (You found it on level 4 of the Dungeon)
 M - the +2 shield of Resistance {rF++ rC++ Will++}
   (You found it on level 1 of the Lair of Beasts)

   rF:        It greatly protects you from fire.
   rC:        It greatly protects you from cold.
   Will:      It greatly increases your willpower.
Jewellery
 v - a ring of see invisible (right tentacle)
   (You found it on level 2 of the Dungeon)
 D - a +6 ring of dexterity (on tentacle)
   (You found it on level 3 of the Dungeon)
 G - an amulet of guardian spirit (around mantle)
   (You found it on level 3 of the Dungeon)
 I - a +6 ring of intelligence (left tentacle)
   (You found it on level 1 of the Dungeon)
Wands
 g - a wand of mindburst (2)
   (You found it on level 1 of the Lair of Beasts)
 r - a wand of polymorph (8)
   (You found it on level 5 of the Dungeon)
 s - a wand of iceblast (13)
   (You found it on level 5 of the Dungeon)
 t - a wand of paralysis (14)
   (You found it on level 5 of the Dungeon)
 x - a wand of quicksilver (12)
   (You found it on level 6 of the Dungeon)
Scrolls
 b - 2 scrolls of summoning
 c - 5 scrolls of teleportation {@r4}
 j - a scroll of fog
 m - 3 scrolls of identify {@r1}
 o - 2 scrolls of immolation {!r!r}
 p - 3 scrolls of poison {!r}
 y - 2 scrolls of noise {!r}
 z - a scroll of enchant armour {unknown}
 A - 3 scrolls of magic mapping {unknown}
 B - 3 scrolls of vulnerability {!r!r}
 C - 2 scrolls of enchant weapon {unknown}
 E - 2 scrolls of amnesia {unknown}
 F - 2 scrolls of torment {unknown}
 L - a scroll of brand weapon {unknown}
Potions
 a - 4 potions of resistance
 d - 4 potions of might
 e - 14 potions of curing {@q1}
 f - 3 potions of ambrosia
 h - 3 potions of invisibility {unknown}
 i - 4 potions of attraction {!q}
 k - 2 potions of heal wounds {@q2}
 l - 2 potions of berserk rage {unknown}
 q - 2 potions of brilliance {unknown}
 u - 3 potions of lignification {unknown}
 w - a potion of flight {unknown}
 K - a potion of mutation {unknown}
 N - a potion of magic
Miscellaneous
 J - a condenser vane
   (You found it on level 9 of the Dungeon)

Dungeon Overview and Level Annotations

Branches:
Dungeon (10/15)            Temple (1/1) D:5            Lair (3/5) D:9
    Orc (0/2) D:9
  Swamp: Lair:2-3    Shoals: Lair:2-3     Snake: Lair:2-3    Spider: Lair:2-3

Altars:
Ashenzari
Cheibriados
Dithmenos
Elyvilon
Fedhas
Gozag
Hepliaklqana
Kikubaaqudgha
Makhleb
Nemelex Xobeh
Okawaru
Qazlal
Ru
Sif Muna
Trog
Uskayaw
Vehumet
Wu Jian
Xom
Yredelemnul
Zin
The Shining One

Shops:
D:10 ***

Annotations:
Lair:2 3 runed translucent doors, Firib's ghost, journeyman TrWn; kae's ghost, journeyman DsTm
Lair:3 Nessos

##.......#.....### #########
##..###.#.........# # ##..##
###..#...#..# ##...#
##.#....#..## ##..###
#...........#####
#...#######..#........##..####
...#..♣.##..#..♣.♣.#...#.....#
.........#.............#....##
....♣.>..+......@......'....#
.^.#................#..#...##
#...#.♣.##..#..♣.♣.##......#
.....#.####........#..##.###
.#.#..## #...........#.## ###
.#.###.#
##.##...##.#.#####.### ..##
### #...#.##..### #.##..# ..#
#........#.## ##...## #.###
###.....##..###.....#


There were no monsters in sight!


Message History

Your mana viper bites the plant!
Your mana viper bites the plant!
Your mana viper bites the plant!!
Your wolf bites the water moccasin!!
The water moccasin bites your wolf.
Your wolf completely misses the water moccasin.
The water moccasin barely misses your wolf.
A nearby plant withers and dies.
Your wolf bites the water moccasin.
The water moccasin misses your wolf.
Your wolf closely misses the water moccasin.
The water moccasin barely misses your wolf.
Your wolf barely misses the water moccasin.
Your wolf closely misses the water moccasin.
The water moccasin closely misses your wolf.
Your wolf bites the water moccasin.
The water moccasin bites your wolf but does no damage.
The water moccasin bites your mana viper!
The water moccasin misses your wolf.
Your mana viper bites the water moccasin!
The water moccasin dies!
Your mana viper disappears in a puff of smoke!
You swap places.
You now have 3454 gold pieces (gained 5).
You swap places.
Key pressed, stopping explore.
You swap places.
You swap places.
Key pressed, stopping explore.
Your wolf wags its tail.
Key pressed, stopping explore.
Kae's ghost turns its malevolent gaze towards you.
Key pressed, stopping explore.
You enter the shallow water.
Your wolf disappears in a puff of smoke!
Key pressed, stopping explore.
Key pressed, stopping explore.
You enter the shallow water.
Key pressed, stopping explore.
Key pressed, stopping explore.
Kae's ghost turns its malevolent gaze towards you.
Firib's ghost turns its malevolent gaze towards you.
Could not explore, unopened runed door.
Firib's ghost grins evilly.
There is a stone staircase leading down here.
You climb downwards.
You feel a wave of frost pass over you.
There is an entrance to an ice cave on this level.
Hurry and find it before the portal melts!
There is a stone staircase leading up here.
A forested plane collides here with a resounding crunch!
Your dryad calls out to the forest.
The forest starts to sway and rumble!
The six-headed hydra roars!
You hear a bellow!
Nessos mumbles some strange words.
Nessos blinks!
Casting: Summon Forest (dangerous; 4% risk of failure)
Confirm with . or Enter, or press ? or * to list all spells.
An electric hum fills the air.
Nessos is waved at by a branch.
A tree reaches out and hits the boulder beetle.
A tree reaches out and hits the six-headed hydra!
Nessos intently looks at you, slowly moving their tail.
Nessos wields a +2 longbow of flaming.
It bursts into flame!
Nessos shoots an arrow.
The arrow hits you!! The arrow burns you.
Casting: Summon Lightning Spire (dangerous; 1% risk of failure)
Confirm with . or Enter, or press ? or * to list all spells.
A mana viper appears with a sibilant hiss.
A tree reaches out and hits Nessos!
A tree reaches out and hits the boulder beetle!
A tree reaches out and hits the six-headed hydra!
Nessos shoots an arrow.
The arrow hits you!! The arrow burns you.
You are poisoned.
* * * LOW HITPOINT WARNING * * *
Your lightning spire shoots out a bolt of lightning at the boulder beetle!
The bolt of electricity hits the boulder beetle!
You hear a bellow!
Casting: Summon Mana Viper (dangerous; 4% risk of failure)
Confirm with . or Enter, or press ? or * to list all spells.
You feel very sick.
A tree reaches out and hits the boulder beetle!
A root smacks the six-headed hydra from below!
Nessos intently looks at you, slowly moving their tail.
Nessos shoots an arrow.
The arrow hits you!
* * * LOW HITPOINT WARNING * * *
The arrow burns you.
* * * LOW HITPOINT WARNING * * *
You feel very sick. Branches wave dangerously above you.
Nessos shoots an arrow.
The arrow barely misses your mana viper.
The arrow hits you!
* * * LOW HITPOINT WARNING * * *
The arrow burns you.
You are more poisoned.
* * * LOW HITPOINT WARNING * * *
Nessos mumbles some strange words.
Nessos seems to speed up.
The boulder beetle leaps!
Your lightning spire shoots out a bolt of lightning at the boulder beetle!
The bolt of electricity hits the boulder beetle.
You hear a bellow!
You climb upwards.
Your summoned ally is left behind.
Level annotation: 3 runed translucent doors, Firib's ghost, journeyman TrWn; kae's ghost, journeyman DsTm You die...
Your body crumbles into a pile of gold.

Skill      XL: |  1  2  3  4  5  6  7  8  9 10 11 12 |
---------------+-------------------------------------+-----
Summonings     | 5 6 7 8 9 10 | 10.0
Air Magic      | 1 2 3 4 5 7 |  7.0
Spellcasting   | 3 4 5 7 10 | 10.0
Fighting       | 3 6 7 |  7.8
Dodging        | 4 6 8 |  8.2
Hexes          | 4 7 |  7.0
Translocations | 4 7 |  7.0
Stealth        | |  2.6

Action                   |  1- 3 |  4- 6 |  7- 9 | 10-12 | 13-15 || total
-------------------------+-------+-------+-------+-------+-------++-------
Melee: Unarmed           |    73 |    24 |    75 |    71 |       ||   243
       Constrict         |    22 |    11 |    24 |    17 |       ||    74
       Tentacles         |    18 |     6 |    21 |    23 |       ||    68
       Punch             |     2 |       |     2 |     5 |       ||     9
 Cast: Summon Small Mamm |    48 |    19 |    11 |     3 |       ||    81
       Call Canine Famil |       |    13 |    30 |    45 |     2 ||    90
       Summon Lightning  |       |       |    27 |    59 |     1 ||    87
       Summon Mana Viper |       |       |       |    12 |     2 ||    14
       Summon Forest     |       |       |       |     5 |     1 ||     6
Evoke: Wand              |       |       |       |     4 |       ||     4
  Use: Potion            |     1 |     2 |       |       |       ||     3
       Scroll            |       |       |       |    15 |       ||    15
 Stab: Sleeping          |     3 |     2 |       |       |       ||     5
       Distracted        |     1 |     1 |       |     5 |       ||     7
       Paralysed         |       |       |       |     1 |       ||     1
Armor: Skin              |    17 |     5 |     3 |       |       ||    25
Dodge: Dodged            |    56 |    23 |    55 |    60 |       ||   194
Block: Buckler           |       |       |     8 |    22 |       ||    30

Levels and vault maps discovered:
D:1:      dpeg_arrival_fog, layout_basic, basic_ecumenical_altar
D:2:      layout_basic
D:3:      layout_basic, kennysheep_orc_chapel, uniq_natasha
D:4:      layout_gridville
D:5:      layout_loops_ring, minmay_temple_entry_offerings
D:6:      layout_loops_ring
D:7:      layout_loops_ring, grunt_temple_overflow_open, amethyst_killhole,
          hangedman_abyss_or_decor_passed
D:8:      layout_basic
D:9:      layout_loops_corners, erik_lair_orcish_takeover, orc_0_dummy,
          uniq_pikel
D:10:     minmay_the_grid_octo_2x2 [minmay_the_grid_octo_77,
          minmay_the_grid_octo_teeth, minmay_the_grid_octo_clover,
          minmay_the_grid_octo_prize_square_snowflake], layout_loops_ring,
          serial_shops, nicolae_shop_hallway_stairs, nicolae_shop_statue_plus,
          kennysheep_mini_moat, nicolae_shop_gadgets, uniq_maggie, uniq_joseph,
          uniq_grum, uniq_psyche
Temple:   mainiacjoe_temple_cubbyholes
Lair:1:   layout_loops_ring, pond, uniq_fannar
Lair:2:   layout_cave_pods, gammafunk_ghost_cemetery,
          infiniplex_staircase_pool_2, grunt_megastairs_2
Lair:3:   layout_big_grid, elwin_shoals_entry_rooms,
          minmay_snake_entry_six_corridors, portal_ice_cave_rime,
          infiniplex_staircase_pool, uniq_nessos, uniq_snorg, uniq_amaemon

Notes
Turn   | Place    | Note
-------+----------+-------------------------------------------
     0 | D:1      | stormer the Octopode Summoner began the quest for the Orb.
     0 | D:1      | Reached XP level 1. HP: 11/11 MP: 3/3
   232 | D:1      | HP: 2/11 [quokka (5)]
   241 | D:1      | Reached XP level 2. HP: 16/17 MP: 5/5
   266 | D:1      | Found a faded altar of an unknown god.
   587 | D:1      | Reached XP level 3. HP: 21/21 MP: 6/6
   850 | D:2      | Reached skill level 5 in Summonings
  1684 | D:3      | Reached XP level 4. HP: 16/27 MP: 3/7
  1722 | D:3      | Learned a level 3 spell: Call Canine Familiar
  1751 | D:3      | Noticed Natasha
  1763 | D:3      | Killed Natasha
  1989 | D:3      | Reached skill level 1 in Air Magic
  1998 | D:3      | Reached XP level 5. HP: 31/31 MP: 3/8
  2089 | D:3      | Noticed Natasha
  2099 | D:3      | Killed Natasha
  2363 | D:3      | Reached skill level 6 in Summonings
  2363 | D:3      | Reached skill level 2 in Air Magic
  2610 | D:3      | Noticed Natasha
  2620 | D:3      | Killed Natasha
  2621 | D:3      | Reached XP level 6. HP: 35/36 MP: 4/10
  2793 | D:3      | Learned a level 4 spell: Summon Lightning Spire
  2845 | D:4      | Reached skill level 3 in Spellcasting
  3012 | D:4      | Reached skill level 3 in Air Magic
  3118 | D:4      | Reached XP level 7. HP: 41/41 MP: 12/12
  3341 | D:4      | Reached skill level 4 in Spellcasting
  3914 | D:5      | Entered Level 5 of the Dungeon
  3938 | D:5      | Found a staircase to the Ecumenical Temple.
  3953 | D:5      | Reached skill level 7 in Summonings
  3956 | D:5      | Reached skill level 4 in Air Magic
  4009 | D:5      | You add the spells Tukima's Dance, Passage of Golubria and
                  | Yara's Violent Unravelling to your library.
  4016 | Temple   | Entered the Ecumenical Temple
  4370 | Temple   | Became a worshipper of Gozag Ym Sagoz the Greedy
  4454 | D:5      | Reached XP level 8. HP: 46/46 MP: 10/14
  4735 | D:5      | Reached skill level 5 in Spellcasting
  4848 | D:5      | You pick up a book of Geomancy and begin reading...
  4848 | D:5      | You add the spells Sandblast, Passwall and Stone Arrow to
                  | your library.
  4987 | D:5      | Reached skill level 5 in Air Magic
  5176 | D:5      | Identified the +0 leather armour of Soawoser {Str+9 Int+2
                  | Stlth-}
  5441 | D:6      | Reached skill level 8 in Summonings
  5851 | D:6      | Reached XP level 9. HP: 51/51 MP: 13/17
  6061 | D:6      | Reached skill level 6 in Air Magic
  6130 | D:6      | You pick up a book of Dreams and begin reading...
  6130 | D:6      | You add the spells Ensorcelled Hibernation, Spider Form and
                  | Anguish to your library.
  6145 | D:6      | Reached skill level 6 in Spellcasting
  6623 | D:7      | Found a glowing silver altar of Zin.
  6624 | D:7      | Found a sparkling altar of Nemelex Xobeh.
  6667 | D:7      | Noticed a hornet
  6697 | D:7      | Killed a hornet
  6698 | D:7      | Reached skill level 9 in Summonings
  6891 | D:7      | You pick up a book of the Wilderness and begin reading...
  6891 | D:7      | You add the spells Summon Forest, Summon Mana Viper and
                  | Summon Cactus Giant to your library.
  6931 | D:7      | You pick up a book of Alchemy and begin reading...
  6931 | D:7      | You add the spells Sublimation of Blood, Petrify and
                  | Irradiate to your library.
  7335 | D:8      | Reached skill level 7 in Air Magic
  7472 | D:8      | Reached skill level 7 in Spellcasting
  8064 | D:8      | Reached XP level 10. HP: 56/56 MP: 14/21
  8253 | D:9      | Found a staircase to the Orcish Mines.
  8264 | D:9      | Reached skill level 10 in Summonings
  8293 | D:9      | Reached skill level 8 in Spellcasting
  8442 | D:9      | Found a staircase to the Lair.
  8748 | D:9      | Noticed Pikel
  8758 | D:9      | Killed Pikel
  8759 | D:9      | Reached skill level 9 in Spellcasting
  9628 | D:9      | Noticed a two-headed ogre
  9635 | D:9      | Killed a two-headed ogre
  9636 | D:9      | Reached skill level 10 in Spellcasting
  9636 | D:9      | Reached skill level 1 in Fighting
  9747 | D:10     | Entered Level 10 of the Dungeon
  9747 | D:10     | Noticed Joseph
  9758 | D:10     | Killed Joseph
  9759 | D:10     | Reached skill level 2 in Fighting
  9759 | D:10     | Reached skill level 3 in Dodging
  9891 | D:10     | Noticed Grum
  9898 | D:10     | Killed Grum
  9948 | D:10     | Found Reavosh's Gadget Gallery.
  9982 | D:10     | Found Yqich's Assorted Antiques.
  9991 | D:10     | Bought a scroll labelled RYUDINUOM for 20 gold pieces
  9991 | D:10     | Bought a lumpy coppery potion for 18 gold pieces
 10009 | D:10     | Noticed a gargoyle
 10015 | D:10     | Killed a gargoyle
 10016 | D:10     | Reached skill level 3 in Fighting
 10016 | D:10     | Reached skill level 4 in Dodging
 10016 | D:10     | Reached XP level 11. HP: 67/67 MP: 21/25
 10041 | D:10     | You pick up a book of Lightning and begin reading...
 10041 | D:10     | You add the spells Static Discharge, Vhi's Electric Charge,
                  | Lightning Bolt and Arcjolt to your library.
 10044 | D:10     | Found Dous's General Store.
 10047 | D:10     | Bought a scroll of identify for 34 gold pieces
 10047 | D:10     | Bought a scroll of teleportation for 51 gold pieces
 10047 | D:10     | Bought a potion of degeneration for 17 gold pieces
 10188 | D:10     | Noticed a deep elf pyromancer
 10192 | D:10     | Noticed a white ugly thing
 10193 | D:10     | Noticed a catoblepas
 10212 | D:10     | Killed a deep elf pyromancer
 10213 | D:10     | Reached skill level 4 in Fighting
 10256 | D:9      | Identified 2 scrolls of acquirement
 10264 | D:9      | Acquired 928 gold pieces
 10265 | D:9      | Acquired 787 gold pieces
 10390 | D:10     | Noticed a two-headed ogre
 10396 | D:10     | Killed a two-headed ogre
 10397 | D:10     | Reached skill level 5 in Dodging
 10443 | D:10     | Identified the +3 mace of Articulation {elec, Str+3 Int+2
                  | Stlth+}
 10443 | D:10     | Noticed a deep elf pyromancer
 10450 | D:10     | Killed a deep elf pyromancer
 10452 | D:10     | Identified the ring of Xela {Fly Will++ Stlth+}
 10452 | D:10     | Noticed a centaur warrior
 10467 | D:10     | Reached skill level 5 in Fighting
 10470 | D:10     | Killed a centaur warrior
 10474 | D:10     | Reached skill level 6 in Dodging
 10474 | D:10     | Noticed a deep troll
 10476 | D:10     | Noticed a cyclops
 10560 | D:9      | Learned a level 5 spell: Summon Mana Viper
 10566 | D:9      | Learned a level 5 spell: Summon Forest
 10567 | Lair:1   | Entered Level 1 of the Lair of Beasts
 10671 | Lair:1   | Reached skill level 1 in Hexes
 10671 | Lair:1   | Reached skill level 1 in Translocations
 10727 | Lair:1   | Reached skill level 2 in Hexes
 10727 | Lair:1   | Reached skill level 2 in Translocations
 10877 | Lair:1   | Reached skill level 6 in Fighting
 10877 | Lair:1   | Reached skill level 3 in Hexes
 10877 | Lair:1   | Reached skill level 3 in Translocations
 11140 | Lair:1   | Reached skill level 4 in Hexes
 11140 | Lair:1   | Reached skill level 4 in Translocations
 11140 | Lair:1   | Reached XP level 12. HP: 65/79 MP: 4/26
 11352 | Lair:1   | Noticed Fannar
 11363 | Lair:1   | Killed Fannar
 11466 | Lair:1   | Reached skill level 7 in Dodging
 11648 | Lair:1   | Noticed a death yak
 11648 | Lair:1   | Noticed a death yak
 11649 | Lair:1   | Noticed a death yak
 11659 | Lair:1   | Noticed a death yak
 11660 | Lair:1   | Noticed a death yak
 11660 | Lair:1   | Killed a death yak
 11661 | Lair:1   | Reached skill level 5 in Hexes
 11661 | Lair:1   | Reached skill level 5 in Translocations
 11676 | Lair:1   | Killed a death yak
 11688 | Lair:1   | Killed a death yak
 11855 | Lair:1   | Killed a death yak
 11862 | Lair:1   | Killed a death yak
 11929 | Lair:1   | Found the +2 shield of Resistance {rF++ rC++ Will++}
 11992 | Lair:1   | Reached skill level 7 in Fighting
 12086 | Lair:1   | Reached skill level 6 in Hexes
 12086 | Lair:1   | Reached skill level 6 in Translocations
 12144 | Lair:1   | You fall into a shaft and drop 1 floor!
 12179 | Lair:2   | Found a runed translucent gate.
 12179 | Lair:2   | Found a runed translucent gate.
 12179 | Lair:2   | Found a runed translucent gate.
 12181 | Lair:2   | Noticed kae's ghost (journeyman DsTm)
 12181 | Lair:2   | Noticed Firib's ghost (journeyman TrWn)
 12814 | Lair:2   | You pick up a book of Spectacle and begin reading...
 12814 | Lair:2   | You add the spells Dazzling Flash, Iskenderun's Mystic
                  | Blast and Starburst to your library.
 13215 | Lair:2   | Noticed a six-headed hydra
 13222 | Lair:2   | Killed a six-headed hydra
 13534 | Lair:2   | Reached skill level 7 in Hexes
 13534 | Lair:2   | Reached skill level 7 in Translocations
 13583 | Lair:2   | Reached skill level 8 in Dodging
 13605 | Lair:2   | Reached XP level 13. HP: 59/88 MP: 3/27
 14301 | Lair:3   | Noticed Nessos
 14305 | Lair:3   | HP: 22/88 [Nessos/arrow (5)]
 14306 | Lair:3   | HP: 6/88 [Nessos/arrow (12)]
 14306 | Lair:3   | HP: 1/88 [Nessos/arrow (5)]
 14307 | Lair:2   | Succumbed to Nessos's poison

Vanquished Creatures
  2 cane toads
  A blink frog (Lair:1)
  A wolf (Lair:2)
  A lemure (D:9)
  A bullfrog (D:6)
  2 scorpions (D:4)
  A howler monkey (D:5)
  An orc priest (D:7)
  Natasha (D:3)
  3 orc wizards
  An adder (D:3)
  A worm (D:2)
  4 orcs
  2 endoplasms
  2 giant cockroaches
  A goblin (D:3)
  2 hobgoblins
  4 kobolds
  5 quokkas
  4 bats
  2 frilled lizards
  3 rats
45 creatures vanquished.

Vanquished Creatures (collateral kills)
  Fannar (Lair:1)
  A hydra (Lair:2)
  A centaur warrior (D:10)
  2 two-headed ogres
  5 death yaks (Lair:1)
  Pikel (D:9)
  2 deep elf pyromancers (D:10)
  Joseph (D:10)
  A black mamba (Lair:1)
  8 cane toads
  A gargoyle (D:10)
  A rime drake (Lair:2)
  2 komodo dragons (Lair:1)
  A troll (D:9)
  A hornet (D:7)
  6 blink frogs
  A shadow (D:8)
  A wyvern (D:8)
  Grum (D:10)
  19 yaks
  A steam dragon (D:9)
  A basilisk (Lair:2)
  2 wargs (D:9)
  7 water moccasins
  2 orc warriors
  3 black bears
  2 ice beasts
  12 wolves
  2 ogres
  2 centaurs
  4 kobold brigands
  3 phantoms
  9 bullfrogs
  2 necrophages
  A scorpion (D:7)
  4 wights (D:8)
  6 killer bees (D:9)
  A howler monkey (D:9)
  2 gnoll boudas (D:5)
  2 hounds (D:6)
  3 orc priests
  Natasha (twice) (D:3)
  3 iguanas
  9 orc wizards
  9 gnolls (D:5)
  6 adders
  A white imp (D:6)
  2 worms (D:2)
  A dart slug (D:3)
  17 orcs
  3 endoplasms
  5 goblins
  5 hobgoblins
  13 kobolds
  4 ball pythons
  3 bats
  A frilled lizard (D:3)
  2 rats (D:3)
214 creatures vanquished.

Vanquished Creatures (others)
  5 fungi
  10 plants
15 creatures vanquished.

Grand Total: 274 creatures vanquished

Table legend:
 A = Non-vault XP
 B = Vault XP
 C = Vault XP percentage of total XP
 D = Non-vault monster count
 E = Vault monster count
 F = Vault count percentage of total count
                 A         B        C        D         E       F
            +---------+---------+-------+---------+---------+-------
      Total |   25128 |    7237 |  22.4 |     232 |      26 |  10.1
            +---------+---------+-------+---------+---------+-------
        D:1 |      36 |       0 |   0.0 |      21 |       0 |   0.0
        D:2 |      31 |       0 |   0.0 |      13 |       0 |   0.0
        D:3 |     142 |     118 |  45.4 |      18 |       4 |  18.2
        D:4 |     601 |       0 |   0.0 |      26 |       0 |   0.0
        D:5 |     886 |       0 |   0.0 |      23 |       0 |   0.0
        D:6 |     833 |       0 |   0.0 |      15 |       0 |   0.0
        D:7 |    1004 |       0 |   0.0 |      14 |       0 |   0.0
        D:8 |    1288 |       0 |   0.0 |      20 |       0 |   0.0
        D:9 |    2058 |    1153 |  35.9 |      17 |       7 |  29.2
       D:10 |    1843 |    2914 |  61.3 |       5 |       7 |  58.3
     Lair:1 |   10713 |    3052 |  22.2 |      37 |       8 |  17.8
     Lair:2 |    5693 |       0 |   0.0 |      23 |       0 |   0.0
            +---------+---------+-------+---------+---------+-------

Illustrated notes

Table legend:
 A = Kills in this place as a percentage of kills in entire the game.
 B = Kills by you in this place as a percentage of kills by you in the entire game.
 C = Kills by friends in this place as a percentage of kills by friends in the entire game.
 D = Other kills in this place as a percentage of other kills in the entire game.
 E = Experience gained in this place as a percentage of experience gained in the entire game.
 F = Experience gained in this place divided by the number of levels of this place that you have seen.
                   A       B       C       D       E      F
               +-------+-------+-------+-------+-------+----------------------
         Total | 100.0 | 100.0 | 100.0 |   N/A | 100.0 | 2311.8
       Dungeon |  73.6 |  90.9 |  70.1 |   N/A |  39.9 | 1290.7
          Lair |  26.4 |   9.1 |  29.9 |   N/A |  60.1 | 6486.0
               +-------+-------+-------+-------+-------+----------------------

Table legend: (Time is in decaauts)
 A = Elapsed time spent in this place.
 B = Non-inter-level travel time spent in this place.
 C = Inter-level travel time spent in this place.
 D = Time resting spent in this place.
 E = Time spent auto-exploring this place.
 F = Levels seen in this place.
 G = Mean time per level.
                   A        B        C        D        E       F      G
               +--------+--------+--------+--------+--------+-----+--------+
         Total |  14309 |  13847 |    462 |   2117 |   9766 |  14 | 1022.1 |
       Dungeon |  10175 |   9921 |    254 |   1472 |   7015 |  10 | 1017.5 |
        Temple |    391 |    281 |    110 |      0 |    278 |   1 |  391.0 |
          Lair |   3742 |   3644 |     98 |    645 |   2473 |   3 | 1247.3 |
               +--------+--------+--------+--------+--------+-----+--------+

Top non-repeatable levels by time:
  Lair:1: 1990 daAuts
  Lair:2: 1745 daAuts
     D:9: 1721 daAuts
     D:3: 1231 daAuts
     D:4: 1082 daAuts
     D:5: 1064 daAuts
     D:7: 982 daAuts
     D:8: 963 daAuts
     D:6: 937 daAuts
     D:2: 904 daAuts
     D:1: 693 daAuts
    D:10: 595 daAuts
  Temple: 391 daAuts
  Lair:3: 5 daAuts
